Carnivores vs Staline
Created - October 15, 2018 at 22:44
Goals
|
Carnivores |
1 |
1 |
1 |
3 |
Staline |
4 |
3 |
1 |
8 |
|
Shots
|
Carnivores |
19 |
12 |
15 |
46 |
Staline |
9 |
13 |
17 |
39 |
|
1st period
1. Staline , Jason Akeson 1 (Nick Spaling 2) at 8:50
2. Staline , Tyler Pitlick 1 (Mike Reilly 1, Joni Ortio) at 11:40
3. Carnivores , Chris Lawrence 2 (T.J Brodie 1, Blake Geoffrion 2) at 16:58 (PP)
4. Staline , Jordan Szwarz 2 (Corey Trivino 1, Joni Ortio) at 19:28 (PP)
5. Staline , Jason Akeson 2 (Nick Spaling 3, Lars Eller 2) at 19:36
Penalties :
Bryan Bickell (StJ) for Hooking (Minor) at 16:43, Nicolas Kerdiles (Bre) for Holding (Minor) at 18:53
2nd period
6. Staline , Jordan Szwarz 3 (Corey Trivino 2) at 6:51
7. Staline , Nick Spaling 1 (Jason Akeson 1, Philip Larsen 1) at 7:07
8. Staline , Bryan Bickell 1 (Danny Kristo 1, Jason Akeson 2) at 17:45
9. Carnivores , Blake Geoffrion 1 (Chris Lawrence 2, Markus Granlund 1) at 17:53
Penalties :
Mike Reilly (StJ) for Slashing (Minor) at 11:12, Nick Spaling (StJ) for Roughing (Minor) at 17:58
3rd period
10. Carnivores , T.J Brodie 1 (Josh Manson 1, Blake Geoffrion 3) at 3:41 (PP)
11. Staline , Nick Spaling 2 (Lars Eller 3, Jason Akeson 3) at 5:21
Penalties :
Philip Larsen (StJ) for Holding (Minor) at 2:41, Cameron Gaunce (StJ) for Fighting (Major) at 11:12, Mat Clark (Bre) for Fighting (Major) at 11:12, Chris Lawrence (Bre) for Hooking (Minor) at 18:21
Goalie Stats
Antti Raanta (Bre), 13 saves from 17 shots - (0.765), 25:45 minutes
Niklas Svedberg (Bre), 18 saves from 22 shots - (0.818), L, 0-2-0, 34:15 minutes
Joni Ortio (StJ), 43 saves from 46 shots - (0.935), W, 1-0-0, 60:00 minutes
Players Stats for Carnivores
Player Name G A P +/- PIM S H SB GA TA FO MP PP MP PK MP
------------------------------------------------------------------------------------
Adam Almquist 0 0 0 -1 0 0 1 0 0 0 0/0 7:16 0:00 0:00
Blake Geoffrion 1 2 3 -2 0 5 0 0 1 1 2/3 21:39 3:29 0:00
Chris Lawrence 1 1 2 -2 2 7 2 0 0 1 3/4 21:38 3:29 0:00
Curtis Lazar 0 0 0 0 0 0 0 0 0 0 0/0 1:44 1:44 0:00
David Schlemko 0 0 0 -1 0 0 0 0 0 1 0/0 7:16 0:00 0:00
Frederik Gauthier 0 0 0 -2 0 0 0 0 0 0 2/3 8:42 0:00 0:19
Hunter Shinkaruk 0 0 0 -2 0 0 0 0 0 0 0/0 8:23 0:00 0:00
Jeremy Welsh 0 0 0 -1 0 5 3 0 1 0 0/0 12:04 0:00 0:00
Jeremy Williams 0 0 0 -2 0 5 2 0 1 0 0/0 8:23 0:00 0:00
Josh Manson 0 1 1 -1 0 2 0 0 0 0 0/0 17:55 2:28 0:00
Mark McNeill 0 0 0 -1 0 0 0 0 0 0 0/0 13:31 0:00 1:27
Markus Granlund 0 1 1 -2 0 4 0 0 2 0 11/25 19:53 1:44 0:00
Mat Clark 0 0 0 -2 5 2 0 1 0 0 0/0 21:54 2:45 0:56
Mattias Backman 0 0 0 -2 0 0 1 0 0 0 0/0 10:12 0:00 0:00
Nate Schmidt 0 0 0 -2 0 3 1 1 1 1 0/0 23:47 2:45 0:56
Nicolas Kerdiles 0 0 0 -1 2 2 1 0 0 0 0/0 14:29 0:00 0:33
Nikita Alexeev 0 0 0 -1 0 2 1 0 0 0 0/0 15:41 1:44 0:00
Sasha Pokulok 0 0 0 -2 0 0 2 0 0 0 0/0 11:02 0:00 1:17
Scott Laughton 0 0 0 -1 0 2 2 1 0 0 7/15 18:03 3:29 0:36
T.J Brodie 1 1 2 -1 0 3 0 0 0 1 0/0 20:37 2:28 1:17
Zack Smith 0 0 0 -1 0 4 1 0 0 0 3/10 13:35 0:00 1:31
Players Stats for Staline
Player Name G A P +/- PIM S H SB GA TA FO MP PP MP PK MP
------------------------------------------------------------------------------------
Alex Petrovic 0 0 0 2 0 0 3 2 0 0 0/0 20:13 0:00 1:48
Barclay Goodrow 0 0 0 0 0 0 0 0 0 0 0/0 0:00 0:00 0:00
Bryan Bickell 1 0 1 2 2 1 0 0 0 1 0/0 8:58 0:00 0:55
Cameron Gaunce 0 0 0 3 5 0 1 3 1 1 0/0 25:57 1:37 3:25
Charles Hudon 0 0 0 0 0 0 0 0 0 0 0/0 0:00 0:00 0:00
Corey Trivino 0 2 2 1 0 8 0 1 1 1 13/18 18:46 1:05 2:59
Danny Kristo 0 1 1 2 0 1 0 2 0 1 0/0 9:27 0:00 1:14
Jason Akeson 2 3 5 3 0 5 1 2 1 0 4/5 19:51 1:08 0:00
Jiri Sekac 0 0 0 0 0 3 1 1 0 0 0/0 11:32 1:05 0:00
Jordan Szwarz 2 0 2 1 0 3 3 0 0 0 1/1 17:04 1:05 0:49
Lars Eller 0 2 2 3 0 3 3 0 0 0 11/26 19:51 1:08 0:00
Marek Zagrapan 0 0 0 0 0 1 0 0 0 0 3/3 11:30 0:00 1:14
Mike Reilly 0 1 1 1 2 0 0 2 0 1 0/0 15:25 1:37 0:23
Nick Spaling 2 2 4 3 2 8 5 0 1 0 0/2 19:51 1:08 0:00
Nikita Nesterov 0 0 0 1 0 0 1 0 0 0 0/0 10:47 0:00 0:00
Peter Holland 0 0 0 2 0 1 0 0 0 0 0/1 8:15 0:00 0:11
Philip Larsen 0 1 1 3 2 0 4 3 1 0 0/0 26:06 0:36 1:25
Sergey Tolchinsky 0 0 0 1 0 0 1 2 0 0 0/2 14:41 0:00 0:00
Tobias Lindberg 0 0 0 0 0 0 0 0 0 0 0/0 0:16 0:00 0:00
Tyler Pitlick 1 0 1 0 0 3 1 0 0 1 0/2 13:54 0:00 3:04
Viktor Loov 0 0 0 2 0 2 1 0 0 0 0/0 22:18 0:36 3:25
3 Stars
1 - Jason Akeson (StJ)
2 - Nick Spaling (StJ)
3 - Jordan Szwarz (StJ)
Power Play
Carnivores - 2 on 4 Attempt(s) - 50.00%
Staline - 1 on 2 Attempt(s) - 50.00%
Penalty Kill
Carnivores - 1 on 2 Attempt(s) - 50.00%
- Score 0 goal in Penalty Kill
Staline - 2 on 4 Attempt(s) - 50.00%
- Score 0 goal in Penalty Kill
Team Stat
Carnivores - Hits : 17 - Faceoff Wins : 28 - Blocked Shots : 3 - Penalty Minutes : 9
Staline - Hits : 25 - Faceoff Wins : 32 - Blocked Shots : 18 - Penalty Minutes : 13
Official
Referees : Unknown
Linesman : Unknown
Game Notes
8:50 of 1st period - Staline goal is going for a video replay. After video review, Goal.
Antti Raanta enters game at 19:36 of 1st period
Niklas Svedberg enters game at 5:21 of 3rd period
Cameron Gaunce beats up Mat Clark at 11:12 of 3rd period
Finance
Level 1 -- Attendance: 1489 (74.45%) -- Ticket Income $59,560
Level 2 -- Attendance: 803 (80.30%) -- Ticket Income $16,060
Total Attendance: 2292 (76.40%)
Total Ticket Income: $75,620
Other Income: $3,781
Total Income: $79,401
Carnivores
5 vs 5 Forward
Center Left Wing Right Wing Time % Phy DF OF
1 Markus Granlund Blake Geoffrion Chris Lawrence 40 1 2 2
2 Scott Laughton Nicolas Kerdiles Nikita Alexeev 30 1 2 2
3 Zack Smith Jeremy Welsh Mark McNeill 20 1 2 2
4 Frederik Gauthier Hunter Shinkaruk Jeremy Williams 10 1 2 2
5 vs 5 Defense
Defense Defense Time % Phy DF OF
1 Mat Clark Nate Schmidt 40 1 2 2
2 T.J Brodie Josh Manson 30 1 2 2
3 Sasha Pokulok Mattias Backman 20 1 2 2
4 Adam Almquist David Schlemko 10 1 2 2
PowerPlay Forward
Center Left Wing Right Wing Time % Phy DF OF
1 Scott Laughton Blake Geoffrion Chris Lawrence 60 1 2 2
2 Markus Granlund Curtis Lazar Nikita Alexeev 40 1 2 2
PowerPlay Defense
Defense Defense Time % Phy DF OF
1 Mat Clark Nate Schmidt 60 1 2 2
2 T.J Brodie Josh Manson 40 1 2 2
Penalty Kill 4 Players Forward
Center Wing Time % Phy DF OF
1 Zack Smith Mark McNeill 60 1 2 2
2 Frederik Gauthier Chris Lawrence 40 1 2 2
Penalty Kill 4 Players Defense
Defense Defense Time % Phy DF OF
1 Mat Clark Nate Schmidt 60 1 2 2
2 T.J Brodie Sasha Pokulok 40 1 2 2
Penalty Kill - 3 Players Forward
Forward Time % Phy DF OF
1 Chris Lawrence 60 1 2 2
2 Frederik Gauthier 40 1 2 2
Penalty Kill - 3 Players Defense
Defense Defense Time % Phy DF OF
1 Mat Clark Nate Schmidt 60 1 2 2
2 T.J Brodie Sasha Pokulok 40 1 2 2
4 vs 4 Forward
Center Wing Time % Phy DF OF
1 Blake Geoffrion Chris Lawrence 60 1 2 2
2 Scott Laughton Nikita Alexeev 40 1 2 2
4 vs 4 Defense
Defense Defense Time % Phy DF OF
1 Mat Clark Nate Schmidt 60 1 2 2
2 T.J Brodie Sasha Pokulok 40 1 2 2
Last Minutes Offensive
Center Left Wing Right Wing Defense Defense
Scott Laughton Blake Geoffrion Chris Lawrence Mat Clark Nate Schmidt
Last Minutes Defensive
Center Left Wing Right Wing Defense Defense
Zack Smith Blake Geoffrion Chris Lawrence Sasha Pokulok Nate Schmidt
Goaltenders
Starting : Niklas Svedberg
Backup : Antti Raanta
Extra Forwards
Normal : Curtis Lazar, Nikita Alexeev, Scott Laughton - PP : Nicolas Kerdiles, Frederik Gauthier - PK : Scott Laughton
Extra Defensemen
Normal : T.J Brodie, Mattias Backman, Adam Almquist - PP : T.J Brodie - PK : Mattias Backman, Adam Almquist
Penalty Shots
Blake Geoffrion, Chris Lawrence, Scott Laughton, Nikita Alexeev, Zack Smith
Scratches
Connor Clifton (Healthy), Stanislav Galiev (Healthy), Mark MacMillan (Healthy), Tyler Graovac (Healthy), Troy Bourke (Healthy)
Alexandre Mallet (Healthy), Michael Schumacher (Healthy), Tristan Jarry (Healthy)
Staline
5 vs 5 Forward
Center Left Wing Right Wing Time % Phy DF OF
1 Lars Eller Nick Spaling Jason Akeson 40 1 2 2
2 Corey Trivino Sergey Tolchinsky Jordan Szwarz 30 1 2 2
3 Marek Zagrapan Jiri Sekac Tyler Pitlick 20 1 2 2
4 Peter Holland Bryan Bickell Danny Kristo 10 1 2 2
5 vs 5 Defense
Defense Defense Time % Phy DF OF
1 Cameron Gaunce Philip Larsen 40 1 2 2
2 Alex Petrovic Viktor Loov 30 1 2 2
3 Mike Reilly Nikita Nesterov 20 1 2 2
4 Cameron Gaunce Philip Larsen 10 1 2 2
PowerPlay Forward
Center Left Wing Right Wing Time % Phy DF OF
1 Lars Eller Nick Spaling Jason Akeson 60 1 2 2
2 Corey Trivino Jiri Sekac Jordan Szwarz 40 1 2 2
PowerPlay Defense
Defense Defense Time % Phy DF OF
1 Cameron Gaunce Mike Reilly 60 1 2 2
2 Philip Larsen Viktor Loov 40 1 2 2
Penalty Kill 4 Players Forward
Center Wing Time % Phy DF OF
1 Corey Trivino Tyler Pitlick 60 1 2 2
2 Marek Zagrapan Danny Kristo 40 1 2 2
Penalty Kill 4 Players Defense
Defense Defense Time % Phy DF OF
1 Cameron Gaunce Viktor Loov 60 1 2 2
2 Alex Petrovic Philip Larsen 40 1 2 2
Penalty Kill - 3 Players Forward
Forward Time % Phy DF OF
1 Corey Trivino 60 1 2 2
2 Marek Zagrapan 40 1 2 2
Penalty Kill - 3 Players Defense
Defense Defense Time % Phy DF OF
1 Cameron Gaunce Viktor Loov 60 1 2 2
2 Alex Petrovic Philip Larsen 40 1 2 2
4 vs 4 Forward
Center Wing Time % Phy DF OF
1 Lars Eller Jason Akeson 60 1 2 2
2 Corey Trivino Tyler Pitlick 40 1 2 2
4 vs 4 Defense
Defense Defense Time % Phy DF OF
1 Cameron Gaunce Mike Reilly 60 1 2 2
2 Alex Petrovic Viktor Loov 40 1 2 2
Last Minutes Offensive
Center Left Wing Right Wing Defense Defense
Lars Eller Nick Spaling Tyler Pitlick Cameron Gaunce Mike Reilly
Last Minutes Defensive
Center Left Wing Right Wing Defense Defense
Lars Eller Nick Spaling Tyler Pitlick Cameron Gaunce Philip Larsen
Goaltenders
Starting : Joni Ortio
Backup : Andrew Hammond
Extra Forwards
Normal : Danny Kristo, Tyler Pitlick, Jiri Sekac - PP : Tyler Pitlick, Sergey Tolchinsky - PK : Jordan Szwarz
Extra Defensemen
Normal : Mike Reilly, Viktor Loov, Nikita Nesterov - PP : Nikita Nesterov - PK : Mike Reilly, Nikita Nesterov
Penalty Shots
Nick Spaling, Lars Eller, Tyler Pitlick, Danny Kristo, Corey Trivino
Scratches
Tyler Lewington (Healthy), Andrey Pedan (Healthy), David Musil (Healthy), Darcy Kuemper (Healthy)
% Time on Ice - Carnivores
Lines # - Real PCT - Wanted PCT - Time Play
Normal Forward
1 - 35% - 40% - 18:10
2 - 27% - 30% - 13:57
3 - 23% - 20% - 12:04
4 - 16% - 10% - 8:23
Normal Defense
1 - 38% - 40% - 20:06
2 - 29% - 30% - 15:27
3 - 19% - 20% - 9:45
4 - 14% - 10% - 7:16
PP Forward
1 - 67% - 60% - 3:29
2 - 33% - 40% - 1:44
PP Defense
1 - 53% - 60% - 2:45
2 - 47% - 40% - 2:28
PK Forward
1 - 86% - 60% - 1:54
2 - 14% - 40% - 0:19
PK Defense
1 - 42% - 60% - 0:56
2 - 58% - 40% - 1:17
PK3 Forward
1 - 0% - 60%
2 - 0% - 40%
PK3 Defense
1 - 0% - 60%
2 - 0% - 40%
44 Forward
1 - 0% - 60%
2 - 0% - 40%
44 Defense
1 - 0% - 60%
2 - 0% - 40%
Last Minute Offensive - 0:00
Last Minute Defensive - 0:00
Total
Forward - 60:00
Defense - 60:00
|
% Time on Ice - Staline
Lines # - Real PCT - Wanted PCT - Time Play
Normal Forward
1 - 37% - 40% - 19:33
2 - 28% - 30% - 14:41
3 - 20% - 20% - 10:16
4 - 15% - 10% - 8:04
Normal Defense
1 - 39% - 40% - 20:31
2 - 34% - 30% - 17:50
3 - 20% - 20% - 10:25
4 - 7% - 10% - 3:48
PP Forward
1 - 51% - 60% - 1:08
2 - 49% - 40% - 1:05
PP Defense
1 - 73% - 60% - 1:37
2 - 27% - 40% - 0:36
PK Forward
1 - 76% - 60% - 3:59
2 - 24% - 40% - 1:14
PK Defense
1 - 65% - 60% - 3:25
2 - 35% - 40% - 1:48
PK3 Forward
1 - 0% - 60%
2 - 0% - 40%
PK3 Defense
1 - 0% - 60%
2 - 0% - 40%
44 Forward
1 - 0% - 60%
2 - 0% - 40%
44 Defense
1 - 0% - 60%
2 - 0% - 40%
Last Minute Offensive - 0:00
Last Minute Defensive - 0:00
Total
Forward - 60:00
Defense - 60:00
|
Play by Play
1st period
0:01 of 1st period - Blake Geoffrion wins face-off versus Nick Spaling in neutral zone.
0:26 of 1st period - Cameron Gaunce is hit by Nate Schmidt and loses puck.
0:44 of 1st period - Icing by Philip Larsen.
0:45 of 1st period - Corey Trivino wins face-off versus Zack Smith in Staline zone.
0:56 of 1st period - Snap shot by Jeremy Welsh.
0:56 of 1st period - Stopped by Joni Ortio with a rebound.
1:10 of 1st period - Alex Petrovic is hit by Mattias Backman.
1:40 of 1st period - Wrist shot by Blake Geoffrion.
1:40 of 1st period - Shot Blocked by Jason Akeson.
1:42 of 1st period - Slapshot by Sasha Pokulok.
1:42 of 1st period - Shot Misses the Net.
1:51 of 1st period - Off-side.
1:52 of 1st period - Corey Trivino wins face-off versus Scott Laughton in neutral zone.
1:57 of 1st period - Slapshot by Corey Trivino.
1:57 of 1st period - Stopped by Niklas Svedberg with a rebound.
2:19 of 1st period - Snap shot by Jeremy Welsh.
2:19 of 1st period - Shot Misses the Net.
2:21 of 1st period - Slapshot by Josh Manson.
2:21 of 1st period - Shot Blocked by Alex Petrovic.
2:27 of 1st period - Snap shot by Zack Smith.
2:27 of 1st period - Stopped by Joni Ortio without a rebound.
2:28 of 1st period - Lars Eller wins face-off versus Markus Granlund in Staline zone.
2:38 of 1st period - Snap shot by Lars Eller.
2:38 of 1st period - Shot Misses the Net.
2:40 of 1st period - Slapshot by Cameron Gaunce.
2:40 of 1st period - Shot Misses the Net.
2:54 of 1st period - Cameron Gaunce is hit by Scott Laughton and loses puck.
3:19 of 1st period - Frederik Gauthier is hit by Nikita Nesterov and loses puck.
3:45 of 1st period - Wrist shot by Jordan Szwarz.
3:45 of 1st period - Shot Misses the Net.
3:57 of 1st period - Cameron Gaunce is hit by Adam Almquist and loses puck.
4:27 of 1st period - Wrist shot by Scott Laughton.
4:27 of 1st period - Shot Misses the Net.
4:31 of 1st period - Snap shot by Nikita Alexeev.
4:31 of 1st period - Stopped by Joni Ortio with a rebound.
4:33 of 1st period - Slapshot by T.J Brodie.
4:33 of 1st period - Stopped by Joni Ortio with a rebound.
4:49 of 1st period - Wrist shot by Nick Spaling.
4:49 of 1st period - Deflect By Nate Schmidt.
4:49 of 1st period - Stopped by Niklas Svedberg without a rebound.
4:50 of 1st period - Frederik Gauthier wins face-off versus Lars Eller in Carnivores zone.
4:55 of 1st period - Slapshot by Jeremy Williams.
4:55 of 1st period - Stopped by Joni Ortio without a rebound.
4:56 of 1st period - Markus Granlund wins face-off versus Lars Eller in Staline zone.
6:01 of 1st period - Snap shot by Jeremy Williams.
6:01 of 1st period - Shot Misses the Net.
6:28 of 1st period - Snap shot by Blake Geoffrion.
6:28 of 1st period - Deflect By Chris Lawrence.
6:28 of 1st period - Stopped by Joni Ortio without a rebound.
6:29 of 1st period - Markus Granlund wins face-off versus Sergey Tolchinsky in Staline zone.
6:30 of 1st period - Snap shot by Chris Lawrence.
6:30 of 1st period - Shot Misses the Net.
6:55 of 1st period - T.J Brodie is hit by Viktor Loov and loses puck.
7:06 of 1st period - Wrist shot by Marek Zagrapan.
7:06 of 1st period - Shot Misses the Net.
7:08 of 1st period - Wrist shot by Marek Zagrapan.
7:08 of 1st period - Shot Misses the Net.
8:00 of 1st period - Wrist shot by Jeremy Welsh.
8:00 of 1st period - Shot Misses the Net.
8:26 of 1st period - Snap shot by Jiri Sekac.
8:26 of 1st period - Stopped by Niklas Svedberg with a rebound.
8:50 of 1st period - Snap shot by Jason Akeson.
8:50 of 1st period - Staline goal is going for a video replay.
8:50 of 1st period - The goal is good.
8:50 of 1st period - Goal by Jason Akeson - Carnivores : 0 - Staline : 1.
8:51 of 1st period - Lars Eller wins face-off versus Scott Laughton in neutral zone.
8:58 of 1st period - Wrist shot by Jason Akeson.
8:58 of 1st period - Shot Misses the Net.
9:04 of 1st period - Snap shot by Jason Akeson.
9:04 of 1st period - Stopped by Niklas Svedberg without a rebound.
9:05 of 1st period - Jason Akeson wins face-off versus Markus Granlund in Carnivores zone.
9:16 of 1st period - Snap shot by Nick Spaling.
9:16 of 1st period - Shot Misses the Net.
10:16 of 1st period - Wrist shot by Jeremy Williams.
10:16 of 1st period - Stopped by Joni Ortio with a rebound.
10:18 of 1st period - Wrist shot by Frederik Gauthier.
10:18 of 1st period - Shot Misses the Net.
10:20 of 1st period - Slapshot by Mattias Backman.
10:20 of 1st period - Shot Misses the Net.
11:05 of 1st period - Corey Trivino is hit by Nikita Alexeev and loses puck.
11:40 of 1st period - Slapshot by Tyler Pitlick.
11:40 of 1st period - Goal by Tyler Pitlick - Carnivores : 0 - Staline : 2.
11:41 of 1st period - Markus Granlund wins face-off versus Jason Akeson in neutral zone.
11:46 of 1st period - Wrist shot by Blake Geoffrion.
11:46 of 1st period - Shot Blocked by Cameron Gaunce.
11:54 of 1st period - Snap shot by Jason Akeson.
11:54 of 1st period - Shot Misses the Net.
11:56 of 1st period - Slapshot by Lars Eller.
11:56 of 1st period - Stopped by Niklas Svedberg without a rebound.
11:57 of 1st period - Corey Trivino wins face-off versus Scott Laughton in Carnivores zone.
12:04 of 1st period - Snap shot by Nikita Alexeev.
12:04 of 1st period - Stopped by Joni Ortio with a rebound.
12:06 of 1st period - Backhand shot by Mat Clark.
12:06 of 1st period - Stopped by Joni Ortio with a rebound.
12:08 of 1st period - Slapshot by Nicolas Kerdiles.
12:08 of 1st period - Stopped by Joni Ortio with a rebound.
12:10 of 1st period - Slapshot by Mat Clark.
12:10 of 1st period - Deflect By Philip Larsen.
12:10 of 1st period - Stopped by Joni Ortio with a rebound.
12:12 of 1st period - Backhand shot by Nicolas Kerdiles.
12:12 of 1st period - Shot Misses the Net.
12:26 of 1st period - Icing by Jason Akeson.
12:27 of 1st period - Jason Akeson wins face-off versus Markus Granlund in Staline zone.
12:40 of 1st period - Slapshot by Blake Geoffrion.
12:40 of 1st period - Deflect By Chris Lawrence.
12:40 of 1st period - Stopped by Joni Ortio with a rebound.
12:42 of 1st period - Wrist shot by Josh Manson.
12:42 of 1st period - Stopped by Joni Ortio with a rebound.
13:02 of 1st period - Snap shot by Scott Laughton.
13:02 of 1st period - Stopped by Joni Ortio with a rebound.
13:20 of 1st period - Snap shot by Jeremy Welsh.
13:20 of 1st period - Shot Misses the Net.
13:22 of 1st period - Snap shot by Jeremy Welsh.
13:22 of 1st period - Stopped by Joni Ortio without a rebound.
13:23 of 1st period - Chris Lawrence wins face-off versus Lars Eller in Staline zone.
13:28 of 1st period - Slapshot by Chris Lawrence.
13:28 of 1st period - Stopped by Joni Ortio with a rebound.
13:38 of 1st period - Chris Lawrence is hit by Lars Eller and loses puck.
15:24 of 1st period - Wrist shot by Jordan Szwarz.
15:24 of 1st period - Shot Misses the Net.
16:10 of 1st period - Frederik Gauthier is hit by Nick Spaling and loses puck.
16:43 of 1st period - Minor Penalty to Bryan Bickell for Hooking.
16:44 of 1st period - Scott Laughton wins face-off versus Corey Trivino in Staline zone.
16:56 of 1st period - Wrist shot by Blake Geoffrion.
16:56 of 1st period - Stopped by Joni Ortio with a rebound.
16:58 of 1st period - Snap shot by T.J Brodie.
16:58 of 1st period - Deflect By Chris Lawrence.
16:58 of 1st period - Goal by Chris Lawrence - Carnivores : 1 - Staline : 2.
16:59 of 1st period - Lars Eller wins face-off versus Markus Granlund in neutral zone.
17:24 of 1st period - Jordan Szwarz is hit by Scott Laughton and loses puck.
17:38 of 1st period - Off-side.
17:39 of 1st period - Marek Zagrapan wins face-off versus Zack Smith in neutral zone.
17:54 of 1st period - Mat Clark is hit by Jiri Sekac and loses puck.
18:32 of 1st period - Snap shot by Scott Laughton.
18:32 of 1st period - Stopped by Joni Ortio with a rebound.
18:53 of 1st period - Minor Penalty to Nicolas Kerdiles for Holding.
18:54 of 1st period - Lars Eller wins face-off versus Zack Smith in Carnivores zone.
19:28 of 1st period - Wrist shot by Jordan Szwarz.
19:28 of 1st period - Goal by Jordan Szwarz - Carnivores : 1 - Staline : 3.
19:29 of 1st period - Markus Granlund wins face-off versus Lars Eller in neutral zone.
19:36 of 1st period - Snap shot by Jason Akeson.
19:36 of 1st period - Goal by Jason Akeson - Carnivores : 1 - Staline : 4.
19:36 of 1st period - Antti Raanta enters game.
19:37 of 1st period - Chris Lawrence wins face-off versus Lars Eller in neutral zone.
19:58 of 1st period - T.J Brodie is hit by Philip Larsen and loses puck.
Goals for this period are 1 for Carnivores vs 4 for Staline.
Shots for this period are 19 for Carnivores vs 9 for Staline.
2nd period
0:01 of 2nd period - Blake Geoffrion wins face-off versus Lars Eller in neutral zone.
0:15 of 2nd period - Wrist shot by Markus Granlund.
0:15 of 2nd period - Stopped by Joni Ortio with a rebound.
0:25 of 2nd period - Nick Spaling is hit by Jeremy Welsh.
1:06 of 2nd period - Corey Trivino is hit by Chris Lawrence and loses puck.
1:15 of 2nd period - Snap shot by Chris Lawrence.
1:15 of 2nd period - Shot Blocked by Cameron Gaunce.
1:17 of 2nd period - Snap shot by Markus Granlund.
1:17 of 2nd period - Shot Blocked by Sergey Tolchinsky.
3:02 of 2nd period - Wrist shot by Nikita Alexeev.
3:02 of 2nd period - Shot Blocked by Mike Reilly.
3:04 of 2nd period - Slapshot by Nate Schmidt.
3:04 of 2nd period - Stopped by Joni Ortio with a rebound.
3:47 of 2nd period - Snap shot by Blake Geoffrion.
3:47 of 2nd period - Stopped by Joni Ortio with a rebound.
3:59 of 2nd period - Snap shot by Nick Spaling.
3:59 of 2nd period - Stopped by Antti Raanta without a rebound.
4:00 of 2nd period - Jason Akeson wins face-off versus Frederik Gauthier in Carnivores zone.
4:13 of 2nd period - Wrist shot by Jason Akeson.
4:13 of 2nd period - Stopped by Antti Raanta without a rebound.
4:14 of 2nd period - Markus Granlund wins face-off versus Lars Eller in Carnivores zone.
4:14 of 2nd period - Markus Granlund is hit by Lars Eller.
4:29 of 2nd period - Snap shot by Chris Lawrence.
4:29 of 2nd period - Stopped by Joni Ortio with a rebound.
4:39 of 2nd period - Scott Laughton is hit by Cameron Gaunce.
5:28 of 2nd period - Snap shot by Chris Lawrence.
5:28 of 2nd period - Shot Misses the Net.
5:30 of 2nd period - Snap shot by Markus Granlund.
5:30 of 2nd period - Stopped by Joni Ortio with a rebound.
5:47 of 2nd period - Viktor Loov is hit by Jeremy Williams and loses puck.
6:02 of 2nd period - Wrist shot by Marek Zagrapan.
6:02 of 2nd period - Stopped by Antti Raanta without a rebound.
6:03 of 2nd period - Marek Zagrapan wins face-off versus Scott Laughton in Carnivores zone.
6:16 of 2nd period - Snap shot by Jiri Sekac.
6:16 of 2nd period - Stopped by Antti Raanta with a rebound.
6:18 of 2nd period - Snap shot by Jiri Sekac.
6:18 of 2nd period - Stopped by Antti Raanta without a rebound.
6:19 of 2nd period - Jason Akeson wins face-off versus Markus Granlund in Carnivores zone.
6:26 of 2nd period - Blake Geoffrion is hit by Philip Larsen and loses puck.
6:45 of 2nd period - Josh Manson is hit by Jordan Szwarz and loses puck.
6:49 of 2nd period - Icing by Josh Manson.
6:50 of 2nd period - Corey Trivino wins face-off versus Scott Laughton in Carnivores zone.
6:51 of 2nd period - Snap shot by Jordan Szwarz.
6:51 of 2nd period - Goal by Jordan Szwarz - Carnivores : 1 - Staline : 5.
6:52 of 2nd period - Markus Granlund wins face-off versus Lars Eller in neutral zone.
7:07 of 2nd period - Slapshot by Nick Spaling.
7:07 of 2nd period - Deflect By Nate Schmidt.
7:07 of 2nd period - Goal by Nick Spaling - Carnivores : 1 - Staline : 6.
7:08 of 2nd period - Lars Eller wins face-off versus Markus Granlund in neutral zone.
7:59 of 2nd period - Icing by Josh Manson.
8:00 of 2nd period - Lars Eller wins face-off versus Zack Smith in Carnivores zone.
8:13 of 2nd period - Slapshot by Lars Eller.
8:13 of 2nd period - Stopped by Antti Raanta without a rebound.
8:14 of 2nd period - Corey Trivino wins face-off versus Blake Geoffrion in Carnivores zone.
8:39 of 2nd period - Mat Clark is hit by Philip Larsen and loses puck.
8:48 of 2nd period - Wrist shot by Nick Spaling.
8:48 of 2nd period - Stopped by Antti Raanta with a rebound.
8:50 of 2nd period - Slapshot by Viktor Loov.
8:50 of 2nd period - Shot Blocked by Mat Clark.
9:06 of 2nd period - Wrist shot by Zack Smith.
9:06 of 2nd period - Stopped by Joni Ortio without a rebound.
9:07 of 2nd period - Corey Trivino wins face-off versus Zack Smith in Staline zone.
9:07 of 2nd period - Corey Trivino is hit by Jeremy Welsh.
9:25 of 2nd period - Snap shot by Jeremy Welsh.
9:25 of 2nd period - Stopped by Joni Ortio with a rebound.
9:27 of 2nd period - Snap shot by Jeremy Welsh.
9:27 of 2nd period - Shot Blocked by Sergey Tolchinsky.
9:29 of 2nd period - Snap shot by Zack Smith.
9:29 of 2nd period - Stopped by Joni Ortio without a rebound.
9:30 of 2nd period - Chris Lawrence wins face-off versus Lars Eller in Staline zone.
10:06 of 2nd period - Scott Laughton is hit by Tyler Pitlick.
10:18 of 2nd period - Slapshot by T.J Brodie.
10:18 of 2nd period - Shot Blocked by Philip Larsen.
10:40 of 2nd period - Snap shot by Jeremy Williams.
10:40 of 2nd period - Stopped by Joni Ortio without a rebound.
10:41 of 2nd period - Frederik Gauthier wins face-off versus Lars Eller in Staline zone.
10:42 of 2nd period - Wrist shot by Jeremy Williams.
10:42 of 2nd period - Stopped by Joni Ortio with a rebound.
11:10 of 2nd period - Wrist shot by Chris Lawrence.
11:10 of 2nd period - Shot Blocked by Jiri Sekac.
11:12 of 2nd period - Minor Penalty to Mike Reilly for Slashing.
11:13 of 2nd period - Scott Laughton wins face-off versus Corey Trivino in Staline zone.
11:26 of 2nd period - Snap shot by Corey Trivino.
11:26 of 2nd period - Shot Misses the Net.
11:28 of 2nd period - Snap shot by Viktor Loov.
11:28 of 2nd period - Deflect By Tyler Pitlick.
11:28 of 2nd period - Stopped by Antti Raanta without a rebound.
11:29 of 2nd period - Scott Laughton wins face-off versus Corey Trivino in Carnivores zone.
13:02 of 2nd period - Markus Granlund is hit by Alex Petrovic and loses puck.
13:12 of 2nd period - Penalty to Mike Reilly is over, Mike Reilly is back on ice.
13:30 of 2nd period - Slapshot by Philip Larsen.
13:30 of 2nd period - Deflect By Tyler Pitlick.
13:30 of 2nd period - Stopped by Antti Raanta with a rebound.
14:34 of 2nd period - Wrist shot by Nikita Alexeev.
14:34 of 2nd period - Shot Blocked by Jason Akeson.
14:36 of 2nd period - Slapshot by Nicolas Kerdiles.
14:36 of 2nd period - Shot Misses the Net.
15:56 of 2nd period - Nick Spaling is hit by Sasha Pokulok and loses puck.
16:18 of 2nd period - Jeremy Welsh is hit by Alex Petrovic and loses puck.
16:38 of 2nd period - Mattias Backman is hit by Alex Petrovic and loses puck.
16:57 of 2nd period - Snap shot by Nicolas Kerdiles.
16:57 of 2nd period - Deflect By Scott Laughton.
16:57 of 2nd period - Shot Misses the Net.
16:57 of 2nd period - Puck is out of play.
16:58 of 2nd period - Scott Laughton wins face-off versus Tyler Pitlick in Staline zone.
17:07 of 2nd period - Snap shot by Nicolas Kerdiles.
17:07 of 2nd period - Stopped by Joni Ortio with a rebound.
17:23 of 2nd period - Wrist shot by Markus Granlund.
17:23 of 2nd period - Shot Blocked by Corey Trivino.
17:41 of 2nd period - Wrist shot by Danny Kristo.
17:41 of 2nd period - Stopped by Antti Raanta with a rebound.
17:43 of 2nd period - Snap shot by Bryan Bickell.
17:43 of 2nd period - Shot Misses the Net.
17:45 of 2nd period - Snap shot by Bryan Bickell.
17:45 of 2nd period - Goal by Bryan Bickell - Carnivores : 1 - Staline : 7.
17:46 of 2nd period - Markus Granlund wins face-off versus Lars Eller in neutral zone.
17:53 of 2nd period - Snap shot by Blake Geoffrion.
17:53 of 2nd period - Goal by Blake Geoffrion - Carnivores : 2 - Staline : 7.
17:54 of 2nd period - Markus Granlund wins face-off versus Lars Eller in neutral zone.
17:58 of 2nd period - Minor Penalty to Nick Spaling for Roughing.
17:59 of 2nd period - Scott Laughton wins face-off versus Tyler Pitlick in Staline zone.
18:01 of 2nd period - Wrist shot by Chris Lawrence.
18:01 of 2nd period - Shot Blocked by Cameron Gaunce.
19:16 of 2nd period - Markus Granlund is hit by Jordan Szwarz and loses puck.
19:25 of 2nd period - Markus Granlund is hit by Jordan Szwarz and loses puck.
19:58 of 2nd period - Penalty to Nick Spaling is over, Nick Spaling is back on ice.
Goals for this period are 1 for Carnivores vs 3 for Staline.
Shots for this period are 12 for Carnivores vs 13 for Staline.
3rd period
0:01 of 3rd period - Lars Eller wins face-off versus Markus Granlund in neutral zone.
0:04 of 3rd period - Markus Granlund is hit by Nick Spaling and loses puck.
0:11 of 3rd period - Slapshot by Nate Schmidt.
0:11 of 3rd period - Shot Blocked by Philip Larsen.
0:45 of 3rd period - Slapshot by Nate Schmidt.
0:45 of 3rd period - Deflect By Viktor Loov.
0:45 of 3rd period - Stopped by Joni Ortio without a rebound.
0:46 of 3rd period - Marek Zagrapan wins face-off versus Zack Smith in Staline zone.
1:11 of 3rd period - Markus Granlund is hit by Nick Spaling and loses puck.
1:16 of 3rd period - Slapshot by Jason Akeson.
1:16 of 3rd period - Deflect By Lars Eller.
1:16 of 3rd period - Stopped by Antti Raanta without a rebound.
1:17 of 3rd period - Lars Eller wins face-off versus Markus Granlund in Carnivores zone.
1:24 of 3rd period - Slapshot by Nick Spaling.
1:24 of 3rd period - Stopped by Antti Raanta with a rebound.
1:26 of 3rd period - Snap shot by Lars Eller.
1:26 of 3rd period - Shot Misses the Net.
1:28 of 3rd period - Snap shot by Lars Eller.
1:28 of 3rd period - Shot Misses the Net.
2:29 of 3rd period - Slapshot by Nate Schmidt.
2:29 of 3rd period - Stopped by Joni Ortio with a rebound.
2:31 of 3rd period - Snap shot by Jeremy Williams.
2:31 of 3rd period - Stopped by Joni Ortio with a rebound.
2:33 of 3rd period - Wrist shot by Nate Schmidt.
2:33 of 3rd period - Shot Blocked by Danny Kristo.
2:35 of 3rd period - Snap shot by Jeremy Williams.
2:35 of 3rd period - Shot Misses the Net.
2:41 of 3rd period - Minor Penalty to Philip Larsen for Holding.
2:42 of 3rd period - Corey Trivino wins face-off versus Scott Laughton in Staline zone.
2:51 of 3rd period - Snap shot by Corey Trivino.
2:51 of 3rd period - Stopped by Antti Raanta without a rebound.
2:52 of 3rd period - Scott Laughton wins face-off versus Corey Trivino in Carnivores zone.
3:33 of 3rd period - Wrist shot by T.J Brodie.
3:33 of 3rd period - Stopped by Joni Ortio with a rebound.
3:37 of 3rd period - Snap shot by Blake Geoffrion.
3:37 of 3rd period - Stopped by Joni Ortio with a rebound.
3:39 of 3rd period - Slapshot by Josh Manson.
3:39 of 3rd period - Stopped by Joni Ortio with a rebound.
3:41 of 3rd period - Slapshot by T.J Brodie.
3:41 of 3rd period - Goal by T.J Brodie - Carnivores : 3 - Staline : 7.
3:42 of 3rd period - Lars Eller wins face-off versus Zack Smith in neutral zone.
3:54 of 3rd period - Slapshot by Zack Smith.
3:54 of 3rd period - Shot Blocked by Philip Larsen.
3:56 of 3rd period - Wrist shot by Zack Smith.
3:56 of 3rd period - Stopped by Joni Ortio without a rebound.
3:57 of 3rd period - Corey Trivino wins face-off versus Markus Granlund in Staline zone.
4:46 of 3rd period - Cameron Gaunce is hit by Jeremy Williams and loses puck.
5:21 of 3rd period - Backhand shot by Nick Spaling.
5:21 of 3rd period - Goal by Nick Spaling - Carnivores : 3 - Staline : 8.
5:21 of 3rd period - Niklas Svedberg enters game.
5:22 of 3rd period - Jordan Szwarz wins face-off versus Markus Granlund in neutral zone.
5:29 of 3rd period - Snap shot by Chris Lawrence.
5:29 of 3rd period - Deflect By Markus Granlund.
5:29 of 3rd period - Stopped by Joni Ortio with a rebound.
5:58 of 3rd period - Snap shot by Marek Zagrapan.
5:58 of 3rd period - Shot Blocked by Nate Schmidt.
6:00 of 3rd period - Wrist shot by Viktor Loov.
6:00 of 3rd period - Stopped by Niklas Svedberg with a rebound.
7:34 of 3rd period - Snap shot by Nikita Alexeev.
7:34 of 3rd period - Shot Blocked by Danny Kristo.
7:36 of 3rd period - Snap shot by Mat Clark.
7:36 of 3rd period - Deflect By Nicolas Kerdiles.
7:36 of 3rd period - Shot Misses the Net.
7:36 of 3rd period - Puck is out of play.
7:37 of 3rd period - Markus Granlund wins face-off versus Peter Holland in Staline zone.
7:58 of 3rd period - Peter Holland is hit by Chris Lawrence and loses puck.
9:09 of 3rd period - Icing by Lars Eller.
9:10 of 3rd period - Markus Granlund wins face-off versus Nick Spaling in Staline zone.
9:25 of 3rd period - Wrist shot by Chris Lawrence.
9:25 of 3rd period - Stopped by Joni Ortio with a rebound.
9:35 of 3rd period - Philip Larsen is hit by Zack Smith and loses puck.
9:42 of 3rd period - Snap shot by Mark McNeill.
9:42 of 3rd period - Shot Misses the Net.
9:44 of 3rd period - Wrist shot by Jeremy Welsh.
9:44 of 3rd period - Stopped by Joni Ortio without a rebound.
9:45 of 3rd period - Corey Trivino wins face-off versus Markus Granlund in Staline zone.
9:52 of 3rd period - Blake Geoffrion is hit by Sergey Tolchinsky and loses puck.
10:11 of 3rd period - Viktor Loov is hit by Sasha Pokulok and loses puck.
10:32 of 3rd period - Slapshot by Peter Holland.
10:32 of 3rd period - Stopped by Niklas Svedberg with a rebound.
10:58 of 3rd period - Blake Geoffrion is hit by Nick Spaling and loses puck.
11:03 of 3rd period - Snap shot by Nick Spaling.
11:03 of 3rd period - Stopped by Niklas Svedberg without a rebound.
11:04 of 3rd period - Scott Laughton wins face-off versus Sergey Tolchinsky in Carnivores zone.
11:12 of 3rd period - Cameron Gaunce beats up Mat Clark.
11:12 of 3rd period - Penalty to Cameron Gaunce for Fighting.
11:12 of 3rd period - Penalty to Mat Clark for Fighting.
11:13 of 3rd period - Lars Eller wins face-off versus Markus Granlund in neutral zone.
11:38 of 3rd period - Philip Larsen is hit by Jeremy Welsh.
11:48 of 3rd period - Snap shot by Nick Spaling.
11:48 of 3rd period - Stopped by Niklas Svedberg with a rebound.
11:52 of 3rd period - Snap shot by Jason Akeson.
11:52 of 3rd period - Stopped by Niklas Svedberg without a rebound.
11:53 of 3rd period - Corey Trivino wins face-off versus Markus Granlund in Carnivores zone.
13:05 of 3rd period - Blake Geoffrion is hit by Jason Akeson and loses puck.
13:44 of 3rd period - Snap shot by Zack Smith.
13:44 of 3rd period - Shot Blocked by Alex Petrovic.
13:46 of 3rd period - Wrist shot by Mark McNeill.
13:46 of 3rd period - Deflect By Jeremy Welsh.
13:46 of 3rd period - Stopped by Joni Ortio without a rebound.
13:47 of 3rd period - Zack Smith wins face-off versus Lars Eller in Staline zone.
14:02 of 3rd period - Adam Almquist is hit by Philip Larsen and loses puck.
14:17 of 3rd period - Snap shot by Blake Geoffrion.
14:17 of 3rd period - Deflect By Philip Larsen.
14:17 of 3rd period - Shot Misses the Net.
14:17 of 3rd period - Puck is out of play.
14:18 of 3rd period - Corey Trivino wins face-off versus Markus Granlund in Staline zone.
14:34 of 3rd period - Icing by T.J Brodie.
14:35 of 3rd period - Markus Granlund wins face-off versus Lars Eller in Carnivores zone.
14:35 of 3rd period - Markus Granlund is hit by Lars Eller.
14:47 of 3rd period - Snap shot by Markus Granlund.
14:47 of 3rd period - Stopped by Joni Ortio with a rebound.
14:49 of 3rd period - Slapshot by Josh Manson.
14:49 of 3rd period - Shot Blocked by Mike Reilly.
14:57 of 3rd period - Snap shot by Chris Lawrence.
14:57 of 3rd period - Stopped by Joni Ortio with a rebound.
15:26 of 3rd period - Snap shot by Blake Geoffrion.
15:26 of 3rd period - Shot Hit the Post.
15:28 of 3rd period - Snap shot by Blake Geoffrion.
15:28 of 3rd period - Stopped by Joni Ortio without a rebound.
15:29 of 3rd period - Corey Trivino wins face-off versus Scott Laughton in Staline zone.
15:29 of 3rd period - Corey Trivino is hit by Nicolas Kerdiles.
15:37 of 3rd period - Backhand shot by Corey Trivino.
15:37 of 3rd period - Stopped by Niklas Svedberg with a rebound.
15:39 of 3rd period - Slapshot by Viktor Loov.
15:39 of 3rd period - Stopped by Niklas Svedberg with a rebound.
15:41 of 3rd period - Snap shot by Jordan Szwarz.
15:41 of 3rd period - Shot Misses the Net.
17:28 of 3rd period - Slapshot by Corey Trivino.
17:28 of 3rd period - Stopped by Niklas Svedberg without a rebound.
17:29 of 3rd period - Corey Trivino wins face-off versus Scott Laughton in Carnivores zone.
17:34 of 3rd period - Snap shot by Corey Trivino.
17:34 of 3rd period - Stopped by Niklas Svedberg with a rebound.
17:36 of 3rd period - Wrist shot by Corey Trivino.
17:36 of 3rd period - Stopped by Niklas Svedberg with a rebound.
17:56 of 3rd period - Slapshot by Corey Trivino.
17:56 of 3rd period - Stopped by Niklas Svedberg with a rebound.
17:58 of 3rd period - Wrist shot by Corey Trivino.
17:58 of 3rd period - Stopped by Niklas Svedberg with a rebound.
18:00 of 3rd period - Wrist shot by Corey Trivino.
18:00 of 3rd period - Shot Blocked by Scott Laughton.
18:16 of 3rd period - Snap shot by Jordan Szwarz.
18:16 of 3rd period - Stopped by Niklas Svedberg without a rebound.
18:17 of 3rd period - Lars Eller wins face-off versus Chris Lawrence in Carnivores zone.
18:21 of 3rd period - Minor Penalty to Chris Lawrence for Hooking.
18:22 of 3rd period - Zack Smith wins face-off versus Lars Eller in Carnivores zone.
18:22 of 3rd period - Zack Smith is hit by Nick Spaling.
18:53 of 3rd period - Wrist shot by Corey Trivino.
18:53 of 3rd period - Shot Misses the Net.
18:55 of 3rd period - Snap shot by Jiri Sekac.
18:55 of 3rd period - Shot Misses the Net.
19:53 of 3rd period - Icing by Cameron Gaunce.
19:54 of 3rd period - Zack Smith wins face-off versus Corey Trivino in Staline zone.
Goals for this period are 1 for Carnivores vs 1 for Staline.
Shots for this period are 15 for Carnivores vs 17 for Staline.
Back to the Top